AoeStats
← KNTQ1840

Arabia

510510149Analyzed
1v1 RM · 7h ago on Oct 1, 2026· 24m 52s· 2 players
Game mode
Random Map
Map size
Tiny (2 player)
Population
200
Speed
Normal
Resources
Standard
Victory
Conquest
Starting age
Dark Age
Ending age
Imperial Age
RankedLock teamsTeams togetherTeam positionsShared explorationLock speedFull tech treeHidden civsTurbo modeCheats
Victory
Defeat
🇦🇷 Goths · Argentina
1057
+16
🇧🇪 Cumans · Belgium
1062
-16
belicoso
6:03 Loom
9:07 Feudal Age
9:54 Man-at-Arms
10:28 Double-Bit Axe
16:43 Horse Collar
20:54 Castle Age
19:18 Stone Mining
19:59 Gold Mining
22:25 Fletching
23:37 Scale Mail Armor
23:04 Pikeman
KNTQ1840
5:19 Loom
11:27 Feudal Age
12:04 Double-Bit Axe
26:15 Castle Age
24:20 Horse Collar
Connection lost

Rejoining the realm…

Still unreachable

The connection could not be restored.

Session expired

The server has moved on; the page needs a fresh start.